[Event "Titled Tuesday Blitz March 29 Early 2022"]
[White "Garagulya, Konstantin"]
[Black "Gaehwiler, Gabriel"]
[WhiteFideId "4128931"]
[BlackFideId "1314530"]
[WhiteElo "2329"]
[BlackElo "2383"]
[Result "0-1"]
[Round "06"]
[TimeControl "180+1"]
[Date "2022.03.30"]
[WhiteClock "0:00:01"]
[BlackClock "0:00:43"]

1. d4 Nf6 2. Nf3 g6 3. Nc3 d5 4. Bf4 Bg7 5. e3 c6 6. Bd3 Bg4 7. h3 Bxf3 8. Qxf3 Nbd7 9. g4 a5 10. a4 Qb6 11. Rb1 O-O 12. O-O Rae8 13. Qg3 Qb4 14. Bc7 Rc8 15. Ne2 Ne8 16. Bf4 e5 17. dxe5 Qe7 18. Rfd1 Nxe5 19. b3 Nd6 20. Nd4 Rfe8 21. Nf3 f6 22. Qg2 Ra8 23. Nd4 Ndf7 24. Be2 Qb4 25. c4 dxc4 26. bxc4 Qe7 27. Rb2 Red8 28. Rdb1 Rd7 29. Rb3 Rad8 0-1


[Site "https://www.chess.com"]

[Event "Titled Tuesday Blitz March 29 Early 2022"]
[White "Garv Gaur"]
[Black "Sargsyan, Anna M."]
[WhiteFideId "45030839"]
[BlackFideId "13308130"]
[WhiteElo "1950"]
[BlackElo "2271"]
[Result "1/2-1/2"]
[Round "06"]
[TimeControl "180+1"]
[Date "2022.03.30"]
[WhiteClock "0:00:09"]
[BlackClock "0:00:14"]

1. d4 d5 2. Nf3 Nf6 3. c4 c6 4. g3 Bf5 5. Nc3 e6 6. Nh4 Bg4 7. h3 Bh5 8. g4 Nfd7 9. Ng2 Bg6 10. Nf4 dxc4 11. Nxg6 hxg6 12. e3 b5 13. Bg2 a6 14. a4 b4 15. Ne4 Ra7 16. Qc2 Nb6 17. a5 b3 18. Qe2 Nd5 19. Qxc4 Rb7 20. Bd2 Bb4 21. Ra4 Bxd2+ 22. Nxd2 O-O 23. Nxb3 f5 24. Nc5 Rxb2 25. Nxe6 Qh4 26. O-O Rf6 27. Bxd5 cxd5 28. Qxd5 Kh7 29. Rc4 Rb5 30. Rc5 fxg4 31. Ng5+ Kh6 32. Rxb5 axb5 33. Nf7+ Kh7 34. Ng5+ Kh6 35. Nf7+ Kh7 36. Ng5+ Kh6 1/2-1/2


[Site "https://www.chess.com"]

[Event "Titled Tuesday Blitz March 29 Early 2022"]
[White "Gu, Xiaobing"]
[Black "Vidruska, Renate"]
[WhiteFideId "8602611"]
[BlackFideId "11601841"]
[WhiteElo "2174"]
[BlackElo "1800"]
[Result "1-0"]
[Round "06"]
[TimeControl "180+1"]
[Date "2022.03.30"]
[WhiteClock "0:00:37"]
[BlackClock "0:00:56"]

1. Nf3 Nf6 2. g3 d5 3. Bg2 c6 4. b3 g6 5. Bb2 Bg7 6. O-O O-O 7. d3 b6 8. Nbd2 Bb7 9. e4 dxe4 10. dxe4 c5 11. Qe2 Nbd7 12. Rad1 Re8 13. Rfe1 Qc8 14. Bh3 e6 15. Nc4 Nxe4 16. Bxg7 Kxg7 17. Nd6 Nxd6 18. Rxd6 Qc7 19. Red1 Rad8 20. Bg2 Nf6 21. Qe5 Rxd6 22. Rxd6 Bxf3 23. Bxf3 Rd8 24. Rxe6 Qxe5 25. Rxe5 Rd2 26. Re2 Rxe2 27. Bxe2 Ne4 28. Bf3 Nc3 29. a4 a6 30. Bb7 b5 31. a5 Ne2+ 32. Kf1 Nd4 33. Bxa6 Nxc2 34. Bxb5 Nb4 35. a6 Nd5 36. a7 Nc7 37. Bc6 c4 38. bxc4 Kf6 39. a8=Q 1-0


[Site "https://www.chess.com"]

[Event "Titled Tuesday Blitz March 29 Early 2022"]
[White "Gurevich, Dmitry"]
[Black "Caruana, Fabiano"]
[WhiteFideId "2000407"]
[BlackFideId "2020009"]
[WhiteElo "2506"]
[BlackElo "2744"]
[Result "0-1"]
[Round "06"]
[TimeControl "180+1"]
[Date "2022.03.29"]
[WhiteClock "0:00:11"]
[BlackClock "0:01:35"]

1. d4 d6 2. Nf3 Nf6 3. c4 g6 4. Nc3 Bf5 5. g3 Bg7 6. Bg2 O-O 7. O-O Ne4 8. Nh4 Nxc3 9. bxc3 Bc8 10. Ba3 c6 11. c5 d5 12. Rb1 e5 13. e3 e4 14. f4 Re8 15. Qb3 b5 16. cxb6 axb6 17. Bb4 Ba6 18. f5 Bc4 19. Qd1 Rxa2 20. Qg4 h5 21. Qd1 Bxf1 22. Bxf1 Qg5 23. Qe1 Bh6 24. Ng2 Qxf5 25. Bd6 Nd7 26. Nf4 Bxf4 27. Bxf4 b5 28. c4 dxc4 29. h4 Nf6 30. Qb4 Nd5 31. Qd6 Nxf4 32. exf4 Qg4 0-1


[Site "https://www.chess.com"]

[Event "Titled Tuesday Blitz March 29 Early 2022"]
[White "Guz, Ari"]
[Black "Jaskolka, Tomasz"]
[WhiteFideId "2825759"]
[BlackFideId "1170791"]
[WhiteElo "1913"]
[BlackElo "2073"]
[Result "1-0"]
[Round "06"]
[TimeControl "180+1"]
[Date "2022.03.30"]
[WhiteClock "0:00:18"]
[BlackClock "0:00:03"]

1. e4 c5 2. Nf3 e6 3. c3 Nf6 4. e5 Nd5 5. d4 cxd4 6. cxd4 Nc6 7. Bc4 d6 8. exd6 Bxd6 9. O-O O-O 10. Nc3 b6 11. Bg5 Be7 12. Bxd5 exd5 13. Bxe7 Nxe7 14. Ne5 Bb7 15. Re1 Re8 16. Qf3 f6 17. Nd3 Ng6 18. g3 Qd7 19. h4 Re4 20. h5 Nf8 21. Nf4 Rxd4 22. h6 Ng6 23. Ne6 Rc4 24. Nxg7 Rf8 25. Nh5 f5 26. Qe2 Rc6 27. Rad1 d4 28. Nb5 Rc5 29. Nxd4 Qd5 30. Qe6+ Kh8 31. Qxd5 Rxd5 32. Ne6 Rxd1 33. Rxd1 Re8 34. Nf6 Rc8 35. Ng5 Ne5 36. f4 Nf3+ 37. Nxf3 Bxf3 38. Rd7 Rc1+ 39. Kf2 Bg4 40. Rd8# 1-0


[Site "https://www.chess.com"]

[Event "Titled Tuesday Blitz March 29 Early 2022"]
[White "Hakobyan, Aram"]
[Black "Zhao, Jun"]
[WhiteFideId "13306677"]
[BlackFideId "8602522"]
[WhiteElo "2557"]
[BlackElo "2547"]
[Result "1/2-1/2"]
[Round "06"]
[TimeControl "180+1"]
[Date "2022.03.29"]
[WhiteClock "0:00:36"]
[BlackClock "0:00:31"]

1. d4 Nf6 2. c4 e6 3. Nc3 Bb4 4. e3 O-O 5. Bd3 d5 6. a3 Bxc3+ 7. bxc3 c5 8. Ne2 dxc4 9. Bxc4 Qc7 10. Ba2 b6 11. O-O Ba6 12. Bb2 Nbd7 13. Rc1 Rac8 14. c4 Bb7 15. d5 Qd6 16. Ng3 exd5 17. cxd5 Rfe8 18. Nf5 Qf8 19. Qf3 Ne5 20. Qg3 Ne4 21. Nh6+ Kh8 22. Qf4 Nd3 23. Nxf7+ Kg8 24. Nh6+ Kh8 25. Nf7+ Kg8 26. Nh6+ Kh8 27. Nf7+ 1/2-1/2


[Site "https://www.chess.com"]

[Event "Titled Tuesday Blitz March 29 Early 2022"]
[White "Hebden, Mark L"]
[Black "Fromm, Marius"]
[WhiteFideId "400084"]
[BlackFideId "12993190"]
[WhiteElo "2457"]
[BlackElo "2482"]
[Result "1-0"]
[Round "06"]
[TimeControl "180+1"]
[Date "2022.03.30"]
[WhiteClock "0:00:27"]
[BlackClock "0:00:10"]

1. d4 Nf6 2. Nf3 e6 3. c3 d5 4. Bg5 Be7 5. Nbd2 O-O 6. e3 Nbd7 7. Bd3 c5 8. Ne5 Nxe5 9. dxe5 Nd7 10. Bxe7 Qxe7 11. f4 f6 12. Qh5 g6 13. Qh4 Qg7 14. exf6 Qxf6 15. Qxf6 Nxf6 16. Nf3 b6 17. Ne5 Nd7 18. O-O Nxe5 19. fxe5 Bd7 20. b4 Rxf1+ 21. Rxf1 Rc8 22. Kf2 cxb4 23. cxb4 Rc3 24. Rd1 Ra3 25. Rd2 Kf7 26. Ke2 Ke7 27. Rc2 Kd8 28. Kd2 Ba4 29. Rb2 Bc6 30. g3 Ke7 31. Rc2 Kd7 32. h4 Ba4 33. Rb2 Bc6 34. g4 Ke7 35. g5 Kd7 36. h5 Ke7 37. h6 d4 38. exd4 Bd5 39. Rc2 Kd7 40. Bxg6 hxg6 41. Rc3 Rxa2+ 42. Ke3 Rh2 43. Kf4 Rh4+ 44. Kg3 Rh5 45. Kg4 Be4 46. Rg3 Bf5+ 47. Kf4 Kc6 48. Rc3+ Kd5 49. Rc7 Kxd4 50. Rd7+ Kc4 51. Rf7 Kxb4 52. Rxf5 exf5 53. e6 Rh4+ 54. Ke5 Re4+ 55. Kd5 Re1 56. h7 Rh1 57. e7 Rxh7 58. e8=Q Rc7 59. Qxg6 a5 60. Qxb6+ Ka4 61. Qxc7 f4 62. Qxf4+ Ka3 63. g6 a4 64. Qxa4+ Kxa4 65. g7 Kb3 66. g8=Q Kc3 67. Qg4 Kd3 68. Qf3+ Kd2 69. Kd4 Kc2 70. Qc3+ Kd1 71. Qb2 Ke1 72. Ke3 Kf1 73. Qf2# 1-0


[Site "https://www.chess.com"]

[Event "Titled Tuesday Blitz March 29 Early 2022"]
[White "Heinemann, Josefine"]
[Black "Perez Gormaz, Matias"]
[WhiteFideId "12900460"]
[BlackFideId "3406342"]
[WhiteElo "2300"]
[BlackElo "2327"]
[Result "0-1"]
[Round "06"]
[TimeControl "180+1"]
[Date "2022.03.30"]
[WhiteClock "0:00:02"]
[BlackClock "0:00:07"]

1. Nf3 c5 2. c4 Nc6 3. Nc3 g6 4. e3 Nf6 5. d4 cxd4 6. exd4 d5 7. cxd5 Nxd5 8. Qb3 Nxc3 9. Bc4 e6 10. bxc3 Bg7 11. Ba3 Bf8 12. Bc1 Na5 13. Qa4+ Bd7 14. Bb5 Nc6 15. O-O a6 16. Be2 Bg7 17. Qd1 O-O 18. c4 Rc8 19. Be3 Qa5 20. Rb1 Qxa2 21. Rxb7 Rfd8 22. Bg5 f6 23. Be3 Na5 24. Ra7 Nxc4 25. Bxc4 Qxc4 26. Qa1 Bb5 27. Re1 Qd5 28. h3 Rc2 29. Qa3 Bf8 30. Qa5 Rdc8 31. Qb6 Qc6 32. Qa5 Qd5 33. Qb6 R2c6 34. Qb7 R6c7 35. Qxc7 Rxc7 36. Rxc7 Bd6 37. Ra7 g5 38. Rc1 Bc6 39. Rxa6 Bd7 40. Ra7 Qb5 41. Rca1 Kf7 42. Rc1 Ke7 43. Raa1 h5 44. Nh2 g4 45. hxg4 Bxh2+ 46. Kxh2 hxg4 47. Kg1 Qd5 48. Rab1 Bc6 49. f3 gxf3 50. g3 f2+ 51. Kxf2 Qf3+ 52. Ke1 Qxe3+ 53. Kd1 Ba4+ 54. Rc2 Qd3+ 55. Ke1 Qxc2 0-1


[Site "https://www.chess.com"]

[Event "Titled Tuesday Blitz March 29 Early 2022"]
[White "Hoffmann, Asa"]
[Black "parintele_chess"]
[WhiteFideId "2001470"]
[WhiteElo "2117"]
[BlackElo "2235"]
[Result "0-1"]
[Round "06"]
[TimeControl "180+1"]
[Date "2022.03.30"]
[WhiteClock "0:00:38"]
[BlackClock "0:00:39"]

1. d4 d5 2. Bg5 Nf6 3. Nd2 Ne4 4. Nxe4 dxe4 5. e3 c5 6. c3 cxd4 7. exd4 Qb6 8. Qb3 Be6 9. Qxb6 axb6 10. a3 f6 11. Bf4 Nc6 12. Bc7 Na5 13. Bxb6 Nc4 14. Bxc4 Bxc4 15. Bc5 g6 16. Ne2 b6 17. Bb4 Bh6 18. g3 e5 19. dxe5 fxe5 20. Rd1 Rd8 21. g4 Kf7 22. Ng3 Bd3 23. h4 Bf4 24. Ne2 Bc2 25. Rxd8 Rxd8 26. Nxf4 Rd1+ 27. Ke2 Rxh1 28. Nd5 b5 29. Ne3 Bd3+ 30. Kd2 Rxh4 31. b3 Rh2 32. Nd1 h5 33. gxh5 gxh5 34. a4 bxa4 35. bxa4 h4 36. Bd6 Ke6 37. Bc7 Rh1 38. Ne3 h3 39. Ng4 Rf1 40. Bxe5 Kf5 41. Ne3+ Kxe5 42. Nxf1 Bxf1 43. Ke1 Bd3 44. f4+ Kxf4 45. Kf2 e3+ 46. Kg1 Kg3 0-1


[Site "https://www.chess.com"]

[Event "Titled Tuesday Blitz March 29 Early 2022"]
[White "Ianov, Viktor"]
[Black "Oro, Luis"]
[WhiteFideId "14102730"]
[BlackFideId "104094"]
[WhiteElo "2161"]
[BlackElo "2350"]
[Result "0-1"]
[Round "06"]
[TimeControl "180+1"]
[Date "2022.03.30"]
[WhiteClock "0:01:10"]
[BlackClock "0:00:52"]

1. Nf3 Nf6 2. g3 g6 3. b3 Bg7 4. Bb2 O-O 5. Bg2 d6 6. d4 Nbd7 7. O-O c6 8. c4 Qc7 9. Nc3 e5 10. e4 Rd8 11. h3 exd4 12. Nxd4 Nc5 13. Qc2 Ne6 14. Nde2 a5 15. Rad1 Nc5 16. Kh2 h5 17. Rd2 h4 18. Rfd1 hxg3+ 19. fxg3 Ne8 20. Nf4 Be5 21. Nce2 Be6 22. Nd4 Qe7 23. Re2 Qg5 24. Nf3 Qf6 25. Nxe5 dxe5 26. Rf1 Qg7 27. Nxe6 Nxe6 28. Ref2 Rd7 29. h4 Nd4 30. Bxd4 exd4 31. Bh3 Re7 32. Rxf7 Rxf7 33. Be6 Nd6 34. c5 Re8 35. Bxf7+ Nxf7 36. Rf4 Re7 37. Qc4 Qe5 38. a3 Kg7 39. b4 axb4 40. axb4 Re6 41. b5 Rf6 42. bxc6 Rxf4 43. cxb7 Rf2+ 44. Kh3 Qxe4 45. b8=Q Qf5+ 46. g4 Qf3+ 47. Qg3 Qh1+ 0-1


[Site "https://www.chess.com"]

[Event "Titled Tuesday Blitz March 29 Early 2022"]
[White "Ilyasli, Ughur"]
[Black "Thomas, Anysia"]
[WhiteFideId "13416197"]
[BlackFideId "670472"]
[WhiteElo "2045"]
[BlackElo "2002"]
[Result "1-0"]
[Round "06"]
[TimeControl "180+1"]
[Date "2022.03.30"]
[WhiteClock "0:00:17"]
[BlackClock "0:00:11"]

1. d4 Nf6 2. c4 g6 3. Nc3 d5 4. cxd5 Nxd5 5. e4 Nxc3 6. bxc3 Bg7 7. Nf3 c5 8. Rb1 O-O 9. Be2 Nc6 10. Be3 cxd4 11. cxd4 Qa5+ 12. Kf1 Bg4 13. d5 Rad8 14. Qb3 Bxf3 15. gxf3 Nd4 16. Bxd4 Bxd4 17. Qb4 Qxa2 18. h4 Bc5 19. Qb5 a6 20. Qd3 b5 21. h5 Qa3 22. Qd2 Ba7 23. hxg6 fxg6 24. Rc1 Rf7 25. e5 e6 26. d6 Qa5 27. Qxa5 1-0


[Site "https://www.chess.com"]

[Event "Titled Tuesday Blitz March 29 Early 2022"]
[White "Isanzhulov, Arystan"]
[Black "Lakshmi C"]
[WhiteFideId "13711644"]
[BlackFideId "25035347"]
[WhiteElo "2296"]
[BlackElo "1775"]
[Result "1-0"]
[Round "06"]
[TimeControl "180+1"]
[Date "2022.03.30"]
[WhiteClock "0:02:23"]
[BlackClock "0:00:50"]

1. e4 c5 2. d4 cxd4 3. c3 dxc3 4. Nxc3 Nc6 5. Bc4 e6 6. Nf3 d6 7. O-O a6 8. Ng5 Nf6 9. f4 b5 10. Bb3 Qb6+ 11. Kh1 h6 12. Nxf7 Kxf7 13. f5 Nd4 14. Be3 a5 15. Bxd4 Qb7 16. Bxf6 gxf6 17. fxe6+ Bxe6 18. Qh5+ Ke7 19. Nd5+ Kd8 20. Nxf6 Bxb3 21. axb3 Be7 22. Nd5 Rh7 23. Qg6 Rh8 24. Rf7 Re8 25. Nxe7 Rxe7 26. Qg8+ Re8 27. Qxe8+ Kxe8 28. Rxb7 1-0


[Site "https://www.chess.com"]

[Event "Titled Tuesday Blitz March 29 Early 2022"]
[White "Jaferian, Koosha"]
[Black "Ferreira, Vitor Hugo Vieira"]
[WhiteFideId "12507440"]
[BlackFideId "2119765"]
[WhiteElo "2030"]
[BlackElo "2165"]
[Result "0-1"]
[Round "06"]
[TimeControl "180+1"]
[Date "2022.03.30"]
[WhiteClock "0:00:46"]
[BlackClock "0:01:40"]

1. Nf3 Nf6 2. b3 d5 3. Bb2 c6 4. g3 Bf5 5. Bg2 e6 6. O-O h6 7. d3 Be7 8. Nbd2 O-O 9. e3 Nbd7 10. Qe2 Bh7 11. Ne1 a5 12. a4 b5 13. f4 bxa4 14. Rxa4 Nc5 15. Ra1 a4 16. bxa4 Nxa4 17. Be5 Nd7 18. Qg4 Nxe5 19. fxe5 Bf5 20. Qf3 Qb8 21. g4 Bg6 22. Rb1 Qxe5 23. h4 Bxh4 24. Nb3 Bg5 25. Kf2 f5 26. Ke2 fxg4 27. Qxg4 Qxe3+ 28. Kd1 Nc3# 0-1


[Site "https://www.chess.com"]

[Event "Titled Tuesday Blitz March 29 Early 2022"]
[White "Jarocka, Liwia"]
[Black "Sahil, Tickoo"]
[WhiteFideId "21807558"]
[BlackFideId "5019710"]
[WhiteElo "1896"]
[BlackElo "2099"]
[Result "1-0"]
[Round "06"]
[TimeControl "180+1"]
[Date "2022.03.30"]
[WhiteClock "0:00:52"]
[BlackClock "0:00:03"]

1. c4 Na6 2. Nf3 c5 3. g3 b6 4. Bg2 Bb7 5. O-O Nf6 6. Nc3 e6 7. Re1 Ne4 8. Nxe4 Bxe4 9. d3 Bb7 10. e4 Nb4 11. Bf4 d6 12. d4 cxd4 13. e5 dxe5 14. Nxe5 Bxg2 15. Kxg2 b5 16. a3 Na6 17. Qf3 f6 18. Qc6+ Ke7 19. Qxa6 fxe5 20. Qb7+ Ke8 21. Qxb5+ Kf7 22. Qxe5 Qd7 23. Rad1 Rd8 24. Kg1 Be7 25. Rxd4 Qc8 26. Rxd8 Rxd8 27. Qe2 Bf6 28. Be5 Qc6 29. Bxf6 gxf6 30. b4 e5 31. c5 Rd4 32. Rd1 Qd5 33. Rxd4 exd4 34. Qd3 Ke6 35. f3 h5 36. Kf2 Ke5 37. f4+ Ke6 38. Qe2+ Kd7 39. Qb5+ Ke6 40. Qa6+ Kf5 41. Qd3+ Ke6 42. h3 Qa2+ 43. Kf3 Kd5 44. Qe4+ Kc4 45. Qe6+ 1-0


[Site "https://www.chess.com"]

[Event "Titled Tuesday Blitz March 29 Early 2022"]
[White "Jary, Sergey"]
[Black "Odegov, Artem"]
[WhiteFideId "14110350"]
[BlackFideId "34183644"]
[WhiteElo "2260"]
[BlackElo "2286"]
[Result "1-0"]
[Round "06"]
[TimeControl "180+1"]
[Date "2022.03.30"]
[WhiteClock "0:00:44"]
[BlackClock "0:00:03"]

1. e4 e6 2. d4 d5 3. Nd2 Nf6 4. e5 Nfd7 5. c3 c5 6. Bd3 Nc6 7. Ne2 cxd4 8. cxd4 f6 9. exf6 Nxf6 10. O-O Bd6 11. a3 O-O 12. Nf3 e5 13. dxe5 Nxe5 14. Nxe5 Bxe5 15. Bf4 Bxf4 16. Nxf4 Bg4 17. Qd2 Qd6 18. h3 Bd7 19. Rfe1 Rae8 20. b4 Kh8 21. a4 Ne4 22. Bxe4 Rxf4 23. Bxd5 Ref8 24. f3 Bc6 25. Red1 Rd8 26. Qe3 Bxd5 27. Rxd5 Qxd5 28. Qxf4 h6 29. a5 a6 30. Re1 Kh7 31. Qe4+ Qxe4 32. Rxe4 Rd7 33. Re6 Rc7 34. Rb6 Kg8 35. Kf2 Kf7 36. g4 Ke7 37. Kg3 Kd7 38. h4 Kc8 39. g5 hxg5 40. hxg5 Rc4 41. f4 Kc7 42. Kg4 Kc8 43. Kf5 Rc7 44. Kg6 Kd8 45. f5 Ke8 46. f6 gxf6 47. gxf6 Kf8 48. Rd6 Ke8 49. Rd2 1-0


[Site "https://www.chess.com"]

[Event "Titled Tuesday Blitz March 29 Early 2022"]
[White "Johnson, Ben"]
[Black "Shvedova, Alexandra"]
[WhiteFideId "2010917"]
[BlackFideId "54154782"]
[WhiteElo "2203"]
[BlackElo "1912"]
[Result "0-1"]
[Round "06"]
[TimeControl "180+1"]
[Date "2022.03.30"]
[WhiteClock "0:00:03"]
[BlackClock "0:00:21"]

1. Nf3 Nf6 2. c4 e6 3. b3 d5 4. e3 Bd6 5. Bb2 b6 6. cxd5 exd5 7. Bb5+ c6 8. Be2 O-O 9. O-O Bb7 10. Nc3 Nbd7 11. Qc2 a6 12. Qf5 Qe7 13. Rac1 b5 14. Bd3 Nc5 15. Bb1 Nce4 16. Nxe4 Nxe4 17. d3 Nf6 18. e4 dxe4 19. dxe4 Bc8 20. Qg5 h6 21. Bxf6 hxg5 22. Bxe7 Bxe7 23. Rxc6 g4 24. Nd4 Bf6 25. Nf5 Bxf5 26. exf5 Rfd8 27. Rc2 Rd5 28. Re2 Rad8 29. g3 Rd2 30. Rfe1 Rxe2 31. Rxe2 Rd1+ 32. Kg2 Rxb1 33. Re4 Rb2 34. Rxg4 Rxa2 35. Re4 Rb2 36. Re3 a5 37. g4 Bd4 38. Rf3 a4 39. bxa4 bxa4 40. Kg3 Bc5 41. Rc3 Bxf2+ 42. Kf3 Bd4 43. Rc4 Bf6 44. Rxa4 Rxh2 45. Kf4 Rf2+ 46. Kg3 Rb2 47. Kf4 Rf2+ 48. Kg3 Rd2 49. Ra8+ Kh7 50. Kf4 Rd4+ 51. Kf3 Kh6 52. Ra2 Kg5 53. Rg2 Rf4+ 0-1


[Site "https://www.chess.com"]

[Event "Titled Tuesday Blitz March 29 Early 2022"]
[White "Kaminski, Victor"]
[Black "Mikhalsky, Vladimir"]
[WhiteFideId "1131630"]
[BlackFideId "14144352"]
[WhiteElo "2181"]
[BlackElo "2301"]
[Result "0-1"]
[Round "06"]
[TimeControl "180+1"]
[Date "2022.03.30"]
[WhiteClock "0:00:36"]
[BlackClock "0:01:03"]

1. e4 g6 2. d4 Bg7 3. Nc3 d6 4. Be3 Nd7 5. Qd2 a6 6. f3 b5 7. Nge2 Nb6 8. Ng3 h5 9. h4 Nf6 10. b3 b4 11. Nce2 a5 12. a3 Ba6 13. axb4 axb4 14. Kf2 O-O 15. Qxb4 Nfd7 16. Qd2 c5 17. Nf4 cxd4 18. Rxa6 dxe3+ 19. Qxe3 Qc8 20. Rxb6 Qxc2+ 21. Be2 Nxb6 22. Qxb6 Rfb8 23. Qxb8+ Rxb8 24. Rd1 Rxb3 0-1


[Site "https://www.chess.com"]

[Event "Titled Tuesday Blitz March 29 Early 2022"]
[White "Kejzar, Petra"]
[Black "Omelja, Artem"]
[WhiteFideId "14610213"]
[BlackFideId "14119846"]
[WhiteElo "2003"]
[BlackElo "2382"]
[Result "0-1"]
[Round "06"]
[TimeControl "180+1"]
[Date "2022.03.30"]
[WhiteClock "0:00:39"]
[BlackClock "0:00:51"]

1. e4 c5 2. Nf3 e6 3. d4 cxd4 4. Nxd4 Nf6 5. Nc3 Nc6 6. Be2 Bb4 7. O-O Bxc3 8. bxc3 Nxe4 9. Ba3 Nxc3 10. Qd2 Nxd4 11. Bc4 Qa5 12. Qxd4 Qxa3 13. Qxg7 Rf8 14. Qxh7 d5 15. Bd3 Bd7 16. f4 O-O-O 17. f5 e5 18. Rfe1 e4 19. Bf1 Qc5+ 20. Kh1 Qd6 21. Qh3 d4 22. g3 Rh8 23. Qg2 Bc6 24. Kg1 e3 0-1


[Site "https://www.chess.com"]

[Event "Titled Tuesday Blitz March 29 Early 2022"]
[White "Khamzin, Olzhas"]
[Black "Buscar, Michael"]
[WhiteFideId "13701690"]
[BlackFideId "2603616"]
[WhiteElo "2194"]
[BlackElo "2010"]
[Result "0-1"]
[Round "06"]
[TimeControl "180+1"]
[Date "2022.03.30"]
[WhiteClock "0:00:03"]
[BlackClock "0:00:11"]

1. d4 d5 2. Nc3 Nf6 3. Bg5 e6 4. e3 Be7 5. Qf3 Nbd7 6. Nge2 Nf8 7. g4 Ng6 8. h4 h6 9. h5 Nf8 10. Bf4 Bd6 11. O-O-O N8h7 12. Qg3 a6 13. Bxd6 Qxd6 14. f4 Bd7 15. Bg2 O-O-O 16. Qh4 Bb5 17. Kb1 Bxe2 18. Nxe2 Ne4 19. Bxe4 dxe4 20. Nc3 f5 21. g5 Nf8 22. d5 Qb6 23. Qg3 exd5 24. Nxd5 Qc5 25. Nc3 Ne6 26. gxh6 Rxd1+ 27. Nxd1 Rxh6 28. Nc3 Kb8 29. a3 Ka7 30. Rh2 b5 31. Qg1 a5 32. Qf1 b4 33. axb4 axb4 34. Nd1 Nd8 35. Rd2 Nb7 36. Qg1 Rxh5 37. Qxg7 Nd6 38. Qd4 Kb6 39. Ka2 Rh1 40. Kb3 Re1 41. c3 bxc3 42. bxc3 Kc6 43. Qa4+ Qb5+ 44. Qxb5+ Kxb5 45. c4+ Kc5 46. Rd5+ Kc6 47. Kc3 Re2 48. Rd4 Ra2 49. Nb2 Ra3+ 50. Kd2 Rb3 51. Kc2 Rxe3 52. Rd5 Rf3 53. Re5 Rxf4 54. c5 Nb5 55. Nc4 Nd4+ 56. Kd1 Rf2 57. Na5+ Kb5 58. c6+ Kb4 59. Nb7 Kc3 60. Rc5+ Kd3 61. Ke1 e3 62. Rd5 Re2+ 63. Kf1 Rd2 64. Nc5+ Kc4 65. Re5 f4 66. Ne4 Rh2 67. Nd6+ Kd3 0-1


[Site "https://www.chess.com"]

[Event "Titled Tuesday Blitz March 29 Early 2022"]
[White "Khripachenko, Alexander"]
[Black "Aradhya, Garg"]
[WhiteFideId "54184975"]
[BlackFideId "25006746"]
[WhiteElo "2177"]
[BlackElo "2169"]
[Result "0-1"]
[Round "06"]
[TimeControl "180+1"]
[Date "2022.03.30"]
[WhiteClock "0:00:42"]
[BlackClock "0:01:19"]

1. e4 e5 2. Nf3 Nc6 3. Nc3 Nf6 4. d4 exd4 5. Nxd4 Nxe4 6. Nxe4 Qe7 7. f3 d5 8. Bb5 Bd7 9. O-O dxe4 10. Bxc6 bxc6 11. Re1 O-O-O 12. Rxe4 Qb4 13. c3 Qb6 14. Be3 c5 15. Ne2 Bc6 16. Qc2 Bxe4 17. Qxe4 Bd6 18. Qf5+ Kb8 19. b4 g6 20. Qxf7 Qb5 21. Kf2 Rhe8 22. c4 Qxb4 23. Rc1 Re7 24. Qf6 Rde8 25. Qc3 Rxe3 26. Qxe3 Rxe3 27. Kxe3 Qa3+ 28. Rc3 Qxa2 0-1


[Site "https://www.chess.com"]

[Event "Titled Tuesday Blitz March 29 Early 2022"]
[White "Khumalo, Keith"]
[Black "Dreev, Aleksey"]
[WhiteFideId "14319470"]
[BlackFideId "4100107"]
[WhiteElo "2038"]
[BlackElo "2625"]
[Result "0-1"]
[Round "06"]
[TimeControl "180+1"]
[Date "2022.03.29"]
[WhiteClock "0:01:30"]
[BlackClock "0:00:40"]

1. d4 d5 2. c4 c6 3. Nf3 Nf6 4. Qc2 g6 5. e3 Bg7 6. Bd3 O-O 7. O-O Bg4 8. Ne5 Be6 9. f4 Nbd7 10. Nd2 c5 11. Nxd7 Qxd7 12. dxc5 Rac8 13. b3 Ng4 14. Bb2 Nxe3 15. Qc1 Bxb2 16. Qxb2 Nxf1 17. Bxf1 dxc4 18. b4 b6 19. Nxc4 bxc5 20. Ne5 Qd4+ 21. Qxd4 cxd4 22. b5 Bd5 23. Rd1 f6 24. Ng4 Bxa2 25. Rxd4 Rfd8 26. Ra4 Be6 27. Ne3 Rc7 28. g4 Kg7 29. f5 Bf7 30. Kf2 Rd2+ 31. Be2 Ra2 32. Re4 Rd7 33. Kf3 Ra3 34. Kf2 Kf8 35. Ke1 Ra1+ 36. Kf2 Rd2 37. h4 Raa2 38. Nf1 gxf5 39. gxf5 Rxe2+ 40. Rxe2 Rxe2+ 41. Kxe2 Bc4+ 42. Kf2 Bxf1 43. Kxf1 e6 44. Ke2 Ke7 45. Ke3 exf5 46. Kf3 Ke6 47. h5 Ke5 48. Ke3 f4+ 49. Kf3 h6 50. Kg4 Ke4 0-1


[Site "https://www.chess.com"]

[Event "Titled Tuesday Blitz March 29 Early 2022"]
[White "Kopylov, Alexander A."]
[Black "Karavaeva, Olga"]
[WhiteFideId "4164857"]
[BlackFideId "4124111"]
[WhiteElo "2436"]
[BlackElo "2105"]
[Result "0-1"]
[Round "06"]
[TimeControl "180+1"]
[Date "2022.03.30"]
[WhiteClock "0:01:13"]
[BlackClock "0:01:46"]

1. e4 c5 2. Nf3 e6 3. d4 cxd4 4. Nxd4 Nf6 5. Nc3 Nc6 6. Ndb5 d6 7. Bf4 e5 8. Bg5 a6 9. Na3 b5 10. Nd5 Be7 11. Bxf6 Bxf6 12. c4 b4 13. Nc2 a5 14. g3 O-O 15. Bg2 Bb7 16. O-O g6 17. b3 Bg7 18. Qd3 f5 19. exf5 gxf5 20. Rad1 e4 21. Qe2 Ne5 22. Kh1 Nd3 23. f3 Bxd5 24. cxd5 exf3 25. Bxf3 Ne5 26. Bg2 Qg5 27. Nd4 Ng4 28. Rde1 Bxd4 29. Rf4 Be5 30. Rff1 Qh6 31. Bf3 Bxg3 0-1


[Site "https://www.chess.com"]

[Event "Titled Tuesday Blitz March 29 Early 2022"]
[White "Korchmar, Vasiliy"]
[Black "Papp, Petra"]
[WhiteFideId "24131750"]
[BlackFideId "739049"]
[WhiteElo "2370"]
[BlackElo "2259"]
[Result "0-1"]
[Round "06"]
[TimeControl "180+1"]
[Date "2022.03.30"]
[WhiteClock "0:00:01"]
[BlackClock "0:00:33"]

1. d4 Nf6 2. Bf4 c5 3. d5 b5 4. c4 bxc4 5. Nc3 d6 6. e4 g6 7. Bxc4 Bg7 8. Nf3 O-O 9. h3 Ba6 10. Nd2 Bxc4 11. Nxc4 Nbd7 12. O-O Nb6 13. Na5 Qd7 14. Qe2 e6 15. dxe6 Qxe6 16. Rfe1 Rfe8 17. Rad1 d5 18. exd5 Qxe2 19. Rxe2 Rxe2 20. Nxe2 Nfxd5 21. b3 Re8 22. Rd2 Rxe2 23. Rxe2 Nxf4 24. Re8+ Bf8 25. Nc6 a6 26. Nb8 a5 27. Nc6 a4 28. bxa4 Nxa4 29. Re4 Nxh3+ 30. gxh3 Nc3 31. Re8 Nxa2 32. Ne5 Kg7 33. Nd7 Bd6 34. Rc8 Nc3 35. Nxc5 Ne2+ 36. Kg2 Nf4+ 0-1


[Site "https://www.chess.com"]

[Event "Titled Tuesday Blitz March 29 Early 2022"]
[White "Koridze, Lile"]
[Black "Grebeniuk, Semen"]
[WhiteFideId "13612514"]
[BlackFideId "14117509"]
[WhiteElo "1999"]
[BlackElo "2234"]
[Result "0-1"]
[Round "06"]
[TimeControl "180+1"]
[Date "2022.03.30"]
[WhiteClock "0:01:44"]
[BlackClock "0:02:01"]

1. d4 f5 2. c4 Nf6 3. g3 g6 4. Bg2 Bg7 5. Nh3 O-O 6. O-O d6 7. Nc3 e5 8. dxe5 dxe5 9. Qc2 c6 10. Rd1 Qe7 11. b3 a5 12. Ng5 h6 13. Nf3 e4 14. Nd4 Nbd7 15. Bb2 Ne5 16. a4 Re8 17. Ba3 Qf7 18. e3 Nd3 19. Qb1 Ng4 20. Rf1 Bd7 21. Qc2 Rad8 22. Nce2 Bc8 23. Rad1 g5 24. Nc1 Ndxf2 25. Rxf2 Nxe3 0-1


[Site "https://www.chess.com"]

[Event "Titled Tuesday Blitz March 29 Early 2022"]
[White "Kostiukov, Alexandr"]
[Black "Baches Garcia, Guillermo"]
[WhiteFideId "14108100"]
[BlackFideId "2209764"]
[WhiteElo "2202"]
[BlackElo "2490"]
[Result "0-1"]
[Round "06"]
[TimeControl "180+1"]
[Date "2022.03.30"]
[WhiteClock "0:01:24"]
[BlackClock "0:02:14"]

1. g3 d5 2. Bg2 g6 3. d3 Bg7 4. e4 dxe4 5. dxe4 Qxd1+ 6. Kxd1 Nc6 7. c3 Bg4+ 8. f3 O-O-O+ 9. Kc2 Be6 10. Be3 Ne5 11. b3 Nd3 12. Nd2 Nb4+ 13. Kb2 Rd3 0-1


[Site "https://www.chess.com"]